 Dungeon Crawl Stone Soup version 0.31-a0-881-ge136f0c47a (webtiles) character file.

Game seed: 6482217971091695779

27035 Spaninq the Bludgeoner (level 13, -1/178 HPs)
             Began as an Armataur Berserker on Oct 15, 2023.
             Was a High Priest of Trog.
             Slain by an ogre
             ... wielding a +0 giant spiked club
             ... led by Lodul
              (29 damage)
             ... on level 11 of the Dungeon.
             The game lasted 00:33:09 (9857 turns).

Spaninq the Bludgeoner (Armataur Berserker)         Turns: 9857, Time: 00:33:09

Health: -1/178     AC: 21    Str: 27    XL:     13   Next: 2%
Magic:  13/13      EV:  7    Int: 11    God:    Trog [*****.]
Gold:   680        SH: 11    Dex: 10    Spells: 12/12 levels left

rFire   + . .        k - +5 mace
rCold   + . .        v - +1 kite shield
rNeg    . . .        H - +4 chain mail
rPois   .            E - +2 helmet {Int+3}
rElec   .            h - +1 cloak
rCorr   .            (no gloves)
SInv    .            (no barding)
Will    .....        (no amulet) Stlth
                     A - ring of protection from cold
HPRegen 0.49/turn    y - ring of protection from fire
MPRegen 0.13/turn

%: roll
@: berserking, very quick
A: large, rugged brown scales 3, deformed body, armoured tail, roll, long
tongue, awkward tongue
a: Renounce Religion, Berserk, Trog's Hand, Brothers in Arms


You were on level 11 of the Dungeon.
You worshipped Trog.
Trog was extremely pleased with you.
You visited 1 branch of the dungeon, and saw 11 of its levels.
You also visited: Bailey.

You collected 680 gold pieces.

Inventory:

Hand Weapons
 a - a +0 morningstar
 k - a +5 mace (weapon)
 G - a +4 broad axe
Missiles
 c - 2 throwing nets
Armour
 h - a +1 cloak (worn)
 v - a +1 kite shield (worn)
 E - a +2 helmet of intelligence (worn)
 H - a +4 chain mail (worn)
Jewellery
 t - a ring of protection from fire
 y - a ring of protection from fire (right hand)
 z - a +6 ring of dexterity
 A - a ring of protection from cold (left hand)
 F - a ring of fire
Wands
 e - a wand of light (6)
 f - a wand of flame (4)
 I - a wand of roots (5)
Scrolls
 g - 3 scrolls of poison
 n - 6 scrolls of teleportation
 q - a scroll of enchant armour
 w - 2 scrolls of revelation
 C - a scroll of summoning
 D - a scroll of blinking
Potions
 b - 4 potions of lignification
 d - 3 potions of degeneration
 i - 5 potions of curing
 j - 7 potions of attraction
 m - 2 potions of invisibility
 o - a potion of resistance
 p - 3 potions of might
 r - 2 potions of haste
 s - a potion of cancellation
 u - a potion of magic {unknown}
 B - a potion of enlightenment {unknown}


   Skills:
 + Level 9.7 Fighting
 * Level 15.4 Maces & Flails
 + Level 11.8 Armour
 + Level 3.3 Dodging
 - Level 10.1 Shields


You had 12 spell levels left.
You didn't know any spells.
Your spell library was empty.

Dungeon Overview and Level Annotations

Branches:
Dungeon (11/15)            Temple (0/1) D:6            Lair (0/5) D:9
    Orc (0/2) D:9          Bailey (visited)

Altars:
Ashenzari
Cheibriados
Kikubaaqudgha
Ru
Trog
Wu Jian
Xom
The Shining One

Shops:
D:7 *


Innate Abilities, Weirdness & Mutations

You are completely covered in rugged brown scales. (AC +3, +7% HP)
Armour fits poorly on your strangely shaped body.
You have a long armoured tail.
You roll when moving toward enemies. (Rampage)
Your long tongue fully drains potion bottles. (2x potion effects)
Your tongue gives you trouble enunciating. (1.5x scroll delay)


Message History

You sock the ogre!
The ogre is almost dead.
The ogre barely misses you.
You sock the ogre!
You kill the ogre!
Trog accepts your kill.
Electricity crackles from Lodul's apparatus.
The bolt of lightning hits you!!
* * * LOW HITPOINT WARNING * * *
You bludgeon the ogre!!
The ogre is almost dead.
You sock the ogre!
You kill the ogre!
Trog accepts your kill.
You thump the ogre!
The ogre is heavily wounded.
You barely miss the ogre.
The ogre is heavily wounded.
You block the ogre's attack.
You bludgeon the ogre!!
You kill the ogre!
Trog accepts your kill.
You roll towards Lodul!
Found 14 gold pieces.
You sock Lodul!
Lodul is lightly wounded.
You block Lodul's attack.
You sock Lodul!
Lodul is moderately wounded.
You sock Lodul!
Lodul is heavily wounded.
You hit Lodul. You tail-slap Lodul!
Lodul is almost dead.
Lodul closely misses you.
You hit Lodul. You tail-slap Lodul!
You kill Lodul!
Trog accepts your kill.
You have reached level 13!
You barely miss the ogre. You barely miss the ogre.
The ogre hits you with a +0 giant spiked club!!
You die...

.......## . .........#
.. #.$........## .$.
#..........## ....
#..........## ..[..
#...^......##
......#######.(.........
......O@)..#........(..)
.....#####).).........##
##. ##...........##
##..........#
#............
................
######..........
#####...### #.#.#


You could see an ogre.

Vanquished Creatures
  A hydra (D:9)
  A two-headed ogre (D:10)
  Lodul (D:11)
  A cyclops (D:11)
  2 kobold demonologists
  An unseen horror (D:10)
  A freezing wraith (D:8)
  2 trolls
  A hornet (D:10)
  A shadow (D:11)
  2 wyverns
  A steam dragon (D:8)
  3 wargs (D:9)
  A water moccasin (D:6)
  4 orc warriors
  An ice beast (D:7)
  2 black bears
  A boggart (D:9)
  8 ogres (D:11)
  6 centaurs
  4 kobold brigands
  3 bullfrogs
  3 scorpions
  4 wights (D:8)
  5 killer bees (D:9)
  3 howler monkeys
  3 hounds
  3 orc priests
  2 gnoll boudas
  Terence (D:3)
  3 iguanas
  5 orc wizards
  A mummy (D:3)
  10 gnolls
  9 adders
  A shadow imp (D:5)
  2 white imps (D:7)
  4 ufetubi (D:6)
  A worm (D:4)
  7 dart slugs
  43 orcs
  A bat (D:1)
  3 endoplasms
  3 giant cockroaches
  15 goblins
  5 hobgoblins
  4 jackals
  4 quokkas
  4 ball pythons
  27 kobolds
  9 rats
233 creatures vanquished.

Vanquished Creatures (collateral kills)
  An orc warlord (Bailey)
1 creature vanquished.

Vanquished Creatures (others)
  A kobold (D:9)
1 creature vanquished.

Grand Total: 235 creatures vanquished

Notes
Turn   | Place    | Note
-------+----------+-------------------------------------------
     0 | D:1      | Spaninq the Armataur Berserker began the quest for the Orb.
     0 | D:1      | Reached XP level 1. HP: 19/19 MP: 1/1
    80 | D:1      | Reached skill level 3 in Maces & Flails
    91 | D:1      | Reached XP level 2. HP: 26/26 MP: 2/2
   974 | D:2      | Reached ** piety under Trog
   975 | D:2      | Reached XP level 3. HP: 31/33 MP: 3/3
  1407 | D:3      | Found a bloodstained altar of Trog.
  1453 | D:3      | Noticed Terence
  1462 | D:3      | Killed Terence
  1463 | D:3      | Reached XP level 4. HP: 34/40 MP: 4/4
  1732 | D:3      | Found a snail-covered altar of Cheibriados.
  1744 | D:3      | Reached skill level 4 in Maces & Flails
  2217 | D:4      | Reached XP level 5. HP: 31/48 MP: 5/5
  2437 | D:4      | Reached *** piety under Trog
  2500 | D:4      | Reached XP level 6. HP: 55/55 MP: 6/6
  2856 | D:4      | Reached skill level 1 in Shields
  2878 | D:4      | Reached skill level 5 in Maces & Flails
  3349 | D:5      | Entered Level 5 of the Dungeon
  3945 | D:5      | Reached XP level 7. HP: 61/63 MP: 7/7
  4365 | D:6      | Reached skill level 10 in Maces & Flails
  4365 | D:6      | Reached skill level 10 in Shields
  4365 | D:6      | Reached XP level 8. HP: 78/78 MP: 8/8
  4365 | D:6      | Reached XP level 9. HP: 84/84 MP: 9/9
  4744 | D:6      | Found an ornate altar of the Wu Jian Council.
  4875 | D:6      | Found a sacrificial altar of Ru.
  4944 | D:6      | Found a staircase to the Ecumenical Temple.
  5454 | D:7      | Reached **** piety under Trog
  5635 | D:7      | Identified a scroll of acquirement
  5635 | D:7      | Acquired a manual of Maces & Flails
  5663 | D:7      | Found Kotzeran's Mayhem Merchandise.
  5959 | D:7      | Found an ancient bone altar of Kikubaaqudgha.
  6009 | D:7      | Found a shimmering altar of Xom.
  6009 | D:7      | Found a broken altar of Ashenzari.
  6009 | D:7      | Found a glowing golden altar of the Shining One.
  6758 | D:8      | Reached XP level 10. HP: 84/90 MP: 10/10
  7032 | D:9      | Noticed a four-headed hydra
  7137 | D:9      | Found a staircase to the Lair.
  7174 | D:9      | Reached skill level 11 in Maces & Flails
  7341 | D:9      | Found a flagged portal.
  7349 | D:9      | Reached ***** piety under Trog
  7359 | Bailey   | Entered a bailey
  7524 | Bailey   | Noticed an orc warlord
  7548 | Bailey   | Found a runed translucent gate.
  7548 | Bailey   | Found a runed translucent gate.
  7548 | Bailey   | Found a runed translucent gate.
  7726 | Bailey   | Killed an orc warlord
  7810 | Bailey   | Reached skill level 14 in Maces & Flails
  7810 | Bailey   | Reached XP level 11. HP: 103/103 MP: 11/11
  7810 | Bailey   | Reached XP level 12. HP: 111/111 MP: 12/12
  7828 | D:9      | Reached skill level 15 in Maces & Flails
  8119 | D:9      | Found a staircase to the Orcish Mines.
  8538 | D:9      | Killed a four-headed hydra
  8806 | D:10     | Entered Level 10 of the Dungeon
  8807 | D:10     | Acquired a +2 helmet of intelligence
  9243 | D:10     | Noticed a two-headed ogre
  9250 | D:10     | Killed a two-headed ogre
  9340 | D:10     | Paralysed by a hornet for 1 turns
  9346 | D:10     | Paralysed by a hornet for 3 turns
  9821 | D:11     | Noticed Lodul
  9855 | D:11     | Killed Lodul
  9856 | D:11     | Reached XP level 13. HP: 28/119 MP: 13/13
  9857 | D:11     | Slain by an ogre

Illustrated notes

Levels and vault maps discovered:
D:1:      dpeg_arrival_water_temple_mockup, layout_basic
D:2:      layout_basic
D:3:      layout_basic, bloody_trog, slow_altar_1, uniq_terence
D:4:      layout_loops_ring
D:5:      layout_loops_ring
D:6:      layout_basic, nicolae_ru_awakened_eye, nicolae_overflow_hidden_temple,
          temple_hall, minmay_misc_feat_tiny
D:7:      layout_cave_pools, chequers_temple_overflow_statue_of_worship,
          general_overflow_altar, minmay_shop_mayhem, nicolae_hexahallways,
          minmay_misc_feat_more_columns, grunt_decor_mini_mirrors
D:8:      layout_gridville
D:9:      minmay_bloctagon_deflated, layout_basic, erik_lair_orcish_takeover,
          hiddenorc1_lemuel, enter_bailey_3
D:10:     layout_stronghold
D:11:     layout_rooms, uniq_lodul

Skill      XL: |  1  2  3  4  5  6  7  8  9 10 11 12 |
---------------+-------------------------------------+-----
Maces & Flails | 3 4 5 10 14 15 | 15.4
Fighting       | 3 4 7 9 |  9.7
Armour         | 3 4 8 11 | 11.8
Shields        | 2 10 | 10.1
Dodging        | 2 3 |  3.3

Action                     |  1- 3 |  4- 6 |  7- 9 | 10-12 | 13-15 || total
---------------------------+-------+-------+-------+-------+-------++-------
  Melee: Mace              |    98 |   216 |   200 |   352 |     2 ||   868
         Tailslap          |    11 |    26 |    25 |    38 |       ||   100
         Punch             |     2 |     2 |     1 |       |       ||     5
 Invoke: Berserk           |       |     1 |       |     4 |       ||     5
         Brothers in Arms  |       |       |       |     2 |       ||     2
    Use: Scroll            |       |       |    21 |     7 |       ||    28
         Potion            |       |       |     1 |     2 |       ||     3
 Armour: Animal skin       |    12 |       |       |       |       ||    12
         Ring mail         |    41 |    19 |       |       |       ||    60
         Chain mail        |       |   161 |    37 |   163 |     1 ||   362
         Plate armour      |       |       |   120 |   131 |       ||   251
  Dodge: Dodged            |    47 |    75 |    54 |    71 |       ||   247
  Block: Kite shield       |       |       |   117 |   212 |       ||   329

Table legend: (Time is in decaauts)
 A = Elapsed time spent in this place.
 B = Non-inter-level travel time spent in this place.
 C = Inter-level travel time spent in this place.
 D = Time resting spent in this place.
 E = Time spent auto-exploring this place.
 F = Levels seen in this place.
 G = Mean time per level.
                   A        B        C        D        E       F      G
               +--------+--------+--------+--------+--------+-----+--------+
         Total |   9916 |   9562 |    354 |    907 |   6604 |  12 |  826.3 |
       Dungeon |   9466 |   9112 |    354 |    729 |   6527 |  11 |  860.5 |
        Bailey |    450 |    450 |      0 |    178 |     77 |   1 |  450.0 |
               +--------+--------+--------+--------+--------+-----+--------+

Top non-repeatable levels by time:
     D:9: 1297 daAuts
     D:6: 1212 daAuts
     D:4: 1143 daAuts
     D:8: 976 daAuts
     D:5: 921 daAuts
     D:2: 881 daAuts
     D:3: 848 daAuts
    D:10: 821 daAuts
     D:7: 626 daAuts
     D:1: 534 daAuts
  Bailey: 450 daAuts
    D:11: 203 daAuts
